 Dungeon Crawl Stone Soup version 0.24.0-123-gd5b16e6ec5 (webtiles) character file.

Game seed: 6491095432710701648, levelgen mode: deterministic

51 vurker the Gusty (level 3, -2/15 HPs)
             Began as a Felid Air Elementalist on Feb 3, 2020.
             Slain by a worm (10 damage)
             ... on level 2 of the Dungeon.
             The game lasted 00:01:53 (1506 turns).

vurker the Gusty (Felid Air Elementalist)           Turns: 1506, Time: 00:01:53

Health: -2/15      AC:  1    Str:  4    XL:     3   Next: 58%
Magic:  0/7        EV: 18    Int: 17    God:
Gold:   83         SH:  0    Dex: 16    Spells: 6/7 levels left
                                        Lives:  0   Deaths: 0

rFire    . . .     SeeInvis +   (weapon unavailable)
rCold    . . .     Gourm    .   (shield unavailable)
rNeg     . . .     Faith    .   (armour unavailable)
rPois    .         Spirit   .   (helmet unavailable)
rElec    .         Reflect  .   (cloak unavailable)
rCorr    .         Harm     .   (gloves unavailable)
MR       .....                  (boots unavailable)
Stlth    ++++......             (no amulet)
HPRegen  0.05/turn              b - ring of flight
MPRegen  0.10/turn              h - ring of stealth

@: quick
A: very small, no armour, no weapons or thrown items, stealth, claws 1, fangs 3,
see invisible, carnivore, speed 1, shaggy fur 1, slow metabolism 1, sharp paws
a: Evoke Flight


You were on level 2 of the Dungeon.
You were completely stuffed.

You visited 1 branch of the dungeon, and saw 2 of its levels.

You collected 83 gold pieces.

Inventory:

Jewellery
 b - a ring of flight (left paw)
   (You found it on level 1 of the Dungeon)
 h - a ring of stealth (right paw)
   (You found it on level 2 of the Dungeon)
Scrolls
 a - a scroll of fog {unknown}
 c - 2 scrolls of identify {unknown}
Potions
 d - a potion of might {unknown}
 g - a potion of brilliance {unknown}
Comestibles
 e - a ration
 f - a chunk of flesh


   Skills:
 + Level 1.0 Fighting
 - Level 2.6 Dodging
 - Level 2.6 Stealth
 * Level 2.5 Spellcasting
 * Level 1.9 Conjurations
 * Level 3.1 Air Magic


You had 6 spell levels left.
You knew the following spells:

 Your Spells              Type           Power        Failure   Level  Hunger
a - Shock                 Conj/Air       ##..         6%          1    #......

Your spell library contained the following spells:

 Spells                   Type           Power        Failure   Level  Hunger
 Swiftness                Chrm/Air       #.......     14%         2    ##.....
 Static Discharge         Conj/Air       ##......     19%         3    ###....
 Airstrike                Air            ##........   45%         4    #####..
 Lightning Bolt           Conj/Air       ##........   87%         5    ######.


Dungeon Overview and Level Annotations

Branches:
Dungeon (2/15)

Altars:
Ashenzari
Nemelex Xobeh
Sif Muna


Innate Abilities, Weirdness & Mutations

You cannot wear armour.
You are incapable of wielding weapons or throwing items.
Your paws allow you to move quietly. (Stealth)
You have sharp claws.
You have razor-sharp teeth.
You have supernaturally acute eyesight. (SInv)
You are carnivorous and can eat meat at any time.
You cover ground quickly.
You are covered in fur. (AC +1)
You have a slow metabolism.
Your sharp claws are effective at attacking unaware monsters.


Message History

A worm comes into view.
A worm is nearby!
A worm is nearby!
Aim: a worm (resting)
The zap hits the worm.
Aim: a worm (moderately wounded)
The zap hits the worm.
You can't see any susceptible monsters within range! (Use Z to cast anyway.)
You can't see any susceptible monsters within range! (Use Z to cast anyway.)
You can't see any susceptible monsters within range! (Use Z to cast anyway.)
The worm is too close now for your liking.
Aim: a worm The zap hits the worm.
Aim: a worm (moderately wounded)
The zap hits the worm.
Aim: a worm (moderately wounded)
The zap misses the worm.
The worm misses you.
Aim: a worm (moderately wounded)
The zap misses the worm.
Aim: a worm (moderately wounded)
The zap hits the worm.
The worm bites you!
Ouch! That really hurt!
* * * LOW HITPOINT WARNING * * *
Aim: a worm The zap hits the worm.
Aim: a worm (lightly wounded)
The zap hits the worm.
Aim: a worm (lightly wounded)
The zap hits the worm.
You don't have enough magic to cast that spell.
Things that are here:
a +0 club; a +0 robe You start resting.
The worm is too close now for your liking.
The zap hits the worm. x2
You don't have enough magic to cast that spell.
The zap hits the worm. x2
Aim: a worm (moderately wounded)
The zap hits the worm.
You scratch the worm. Your bite misses the worm. You scratch the worm.
The worm barely misses you.
You scratch the worm. The worm misses you.
You scratch the worm. You scratch the worm. The worm closely misses you.
You scratch the worm.
Aim: a worm (severely wounded)
The zap misses the worm.
The worm closely misses you.
You scratch the worm. The worm bites you!
Ouch! That really hurt!
You die...

#..................
#........#####.....
#........).#.......
###......#...#...#...
#........#.._#_..####
#.......##########
#......(##.._#
#.......##...#
#...@........#
####w###...### #.#
##### #.#
###########.########
#...................
#.#########.########
#.##.......>.......
#.##.#####.########


You could see a worm.

Vanquished Creatures
  Jessica (D:2)
  A worm (D:2)
  7 bats
  2 giant cockroaches (D:1)
  2 hobgoblins
  3 kobolds (D:1)
  3 goblins
  3 rats
22 creatures vanquished.

Notes
Turn   | Place    | Note
-------+----------+-------------------------------------------
     0 | D:1      | vurker the Felid Air Elementalist began the quest for the
                  | Orb.
     0 | D:1      | Reached XP level 1. HP: 7/7 MP: 4/4
   217 | D:1      | Reached skill level 1 in Conjurations
   467 | D:1      | Reached XP level 2. HP: 12/12 MP: 1/6
  1224 | D:2      | Reached skill level 3 in Air Magic
  1241 | D:2      | Found a shattered altar of Ashenzari.
  1254 | D:2      | Found a shimmering blue altar of Sif Muna.
  1285 | D:2      | Found a sparkling altar of Nemelex Xobeh.
  1363 | D:2      | Noticed Jessica
  1384 | D:2      | Killed Jessica
  1384 | D:2      | Reached skill level 1 in Fighting
  1384 | D:2      | Reached XP level 3. HP: 15/15 MP: 4/7
  1506 | D:2      | Slain by a worm

Levels and vault maps discovered:
D:1:      wheals_arrival_shading, layout_basic
D:2:      layout_basic, nicolae_overflow_quartered_altars, zin_treasury,
          uniq_jessica

Skill      XL: |  1  2 |
---------------+-------+-----
Conjurations   | 1 |  1.9
Air Magic      | 3 |  3.1
Fighting       | 1 |  1.0
Dodging        | |  2.6
Stealth        | |  2.6
Spellcasting   | |  2.5

Action                   || total
-------------------------++-------
Melee: Unarmed           ||    24
       Bite              ||     2
 Cast: Shock             ||    56
  Eat: Chunk             ||     9
Dodge: Dodged            ||    25
